 Dungeon Crawl Stone Soup version 0.29.1-15-g9cfb28693d (webtiles) character file.

Game seed: 11364306812252339041

2800 javelincjr the Magician (level 9, 0/69 HPs)
             Began as a Demonspawn Hedge Wizard on Apr 5, 2023.
             Was an Elder of Ignis.
             Slain by a hornet (4 damage)
             ... on level 8 of the Dungeon.
             The game lasted 00:38:52 (11480 turns).

javelincjr the Magician (Demonspawn Hedge Wizard)  Turns: 11480, Time: 00:38:53

Health: 0/69       AC: 11    Str: 19    XL:     9   Next: 44%
Magic:  0/18       EV: 10    Int: 18    God:    Ignis [****..]
Gold:   1539       SH:  0    Dex: 12    Spells: 15/20 levels left

rFire   + . .      SeeInvis .   x - +3 hand axe (elec)
rCold   + . .      Faith    .   (no shield)
rNeg    + . .      Spirit   +   J - +0 pearl dragon scales of Wu Jian's Displeasure {rC+ rN+ Str+6}
rPois   .          Reflect  .   c - +0 hat
rElec   .          Harm     .   (no cloak)
rCorr   .          Rampage  .   (no gloves)
Will    .....                   (boots unavailable)
Stlth   ..........              v - amulet "Careschakh" {Spirit Fly}
HPRegen 0.21/turn               (no ring)
MPRegen 0.16/turn               (no ring)

@: flying, very slightly contaminated, slowed, very slow
A: hooves 3, demonic guardian 1, demonic magic 1
a: Renounce Religion, Fiery Armour, Foxfire Swarm, Rising Flame


You were on level 8 of the Dungeon.
You worshipped Ignis.
Ignis was greatly pleased with you.
You visited 1 branch of the dungeon, and saw 8 of its levels.

You collected 1539 gold pieces.

Inventory:

Hand Weapons
 a - a +0 dagger
 p - a +1 dagger of venom
 x - a +3 hand axe of electrocution (weapon)
Missiles
 o - a throwing net
Armour
 b - a +0 robe
 c - a +0 hat (worn)
 n - the +6 chain mail of Virtue {Rampage *Slow rElec Dex+6}
   (You found it on level 8 of the Dungeon)

   Dex:       It affects your dexterity (+6).
   rElec:     It insulates you from electricity.
   *Slow:     It may slow you when you take damage.
   Rampage:   It bestows one free step when moving towards enemies.
 A - a +3 plate armour
 J - the +0 pearl dragon scales of Wu Jian's Displeasure (worn) {rC+ rN+ Str+6}
   (You found it on level 7 of the Dungeon)

   Str:       It affects your strength (+6).
   rC:        It protects you from cold.
   rN:        It protects you from negative energy.
Jewellery
 d - an amulet of magic regeneration
 i - the amulet of the Air {Inacc Air Fly rElec RMsl}
   (You found it on level 3 of the Dungeon)

   [amulet of nothing]

   It reduces the accuracy of all your attacks.
   It enhances your air magic.
   rElec:     It insulates you from electricity.
   Fly:       It grants you flight.
   RMsl:      It protects you from missiles.
 v - the amulet "Careschakh" (around neck) {Spirit Fly}
   (You found it on level 3 of the Dungeon)

   [amulet of guardian spirit]

   It causes incoming damage to be divided between your reserves of health and
   magic.
   Fly:       It grants you flight.
 C - an amulet of reflection
 E - an amulet of guardian spirit
Wands
 w - a wand of digging (6)
 F - a wand of mindburst (17)
 I - a wand of paralysis (8)
 K - a wand of iceblast (10)
Scrolls
 e - a scroll of magic mapping
 g - a scroll of butterflies
 h - 2 scrolls of summoning
 k - a scroll of brand weapon {unknown}
 l - 2 scrolls of amnesia
 m - 4 scrolls of teleportation
 t - 5 scrolls of noise
 B - a scroll of vulnerability {unknown}
Potions
 f - 4 potions of lignification
 r - a potion of cancellation
 s - 2 potions of brilliance
 u - a potion of invisibility
 z - 2 potions of might
 G - a potion of magic


   Skills:
 * Level 5.7 Fighting
 + Level 2.8 Axes
 + Level 3.5 Armour
 + Level 4.1 Dodging
 - Level 1.8 Stealth
 * Level 6.1 Spellcasting
 + Level 4.1 Conjurations
 + Level 4.2 Summonings
 + Level 3.8 Translocations


You had 15 spell levels left.
You knew the following spells:

 Your Spells              Type           Power      Damage    Failure   Level
a - Magic Dart            Conj           80%        1d7       9%          1
b - Call Imp              Summ           20%        N/A       12%         2
c - Blink                 Tloc           38%        N/A       14%         2

Your spell library contained the following spells:

 Spells                   Type           Power      Damage    Failure   Level
 Summon Small Mammal      Summ           80%        N/A       8%          1
 Call Canine Familiar     Summ           20%        N/A       22%         3
 Freeze                   Ice            20%        1d4       41%         1
 Slow                     Hex            20%        N/A       41%         1
 Summon Guardian Golem    Hex/Summ       13%        N/A       47%         3
 Conjure Flame            Conj/Fire      12%        6-21      50%         3
 Portal Projectile        Hex/Tloc       24%        N/A       52%         3
 Mephitic Cloud           Conj/Pois/Air  10%        N/A       58%         3
 Passage of Golubria      Tloc           19%        N/A       65%         4
 Frozen Ramparts          Ice            10%        1d2       78%         3
 Ignite Poison            Fire/Tmut/Pois 5%         N/A       78%         3
 Tukima's Dance           Hex            5%         N/A       78%         3
 Hailstorm                Conj/Ice       12%        3d5       88%         4
 Sticky Flame             Conj/Fire      12%        2d4       88%         4
 Summon Forest            Summ/Tloc      10%        N/A       92%         5
 Leda's Liquefaction      Hex/Erth       2%         N/A       99%         4
 Summon Mana Viper        Hex/Summ       13%        N/A       99%         5
 Yara's Violent Unravell  Hex/Tmut       2%         3d3       100%        5
 Summon Cactus Giant      Summ           10%        N/A       100%        6


Dungeon Overview and Level Annotations

Branches:
Dungeon (8/15)             Temple (0/1) D:5
   Lair: D:8-11

Altars:
Dithmenos
Fedhas
Gozag
Hepliaklqana
Kikubaaqudgha
Okawaru
Uskayaw
Vehumet
Xom
Ignis

Shops:
D:6 :

Annotations:
D:6 2 transporters, unlimited1921's ghost, novice DjFE


Innate Abilities, Weirdness & Mutations

You have hooves in place of feet.
A weak demonic guardian rushes to your aid.
Spells you cast may paralyse adjacent enemies.


Message History

The hornet stings you.
You feel as though you will be slow longer.
The hornet stings you!
You suddenly lose the ability to move!
The hornet stings you but does no damage.
The hornet stings you.
You feel as though you will be slow longer.
The hornet stings you!
You are poisoned.
You feel as though you will be slow longer.
You can move again.
You barely miss the hornet. Your kick misses the hornet.
The hornet is heavily wounded.
You feel very sick.
The hornet stings you but does no damage.
The hornet misses you.
You barely miss the hornet.
The hornet is heavily wounded.
You feel very sick. The hornet stings you!
* * * LOW HITPOINT WARNING * * *
A demonic guardian appears!
You are lethally poisoned!
You feel as though you will be slow longer.
The hornet barely misses you. The hornet stings you!
* * * LOW HITPOINT WARNING * * *
You feel as though you will be slow longer.
You feel better. The hornet stings you!
* * * LOW HITPOINT WARNING * * *
You feel as though you will be slow longer.
The hornet stings you.
* * * LOW HITPOINT WARNING * * *
You feel as though you will be slow longer.
Your white imp hits the hornet.
Your white imp freezes the hornet.
Casting: Magic Dart (safe; 9% risk of failure)
Confirm with . or Enter, or press ? or * to list all spells.
Okay, then.
Activating: Foxfire Swarm
Press: ? - help, Dir - look around, f - activate Flames leap up around you!
The hornet stings you.
You die...

.## ... #....#
...# ...... .....+
...##. .....?.
#....# #.....
....... #....#
#.#..####....!..
#....#
#...vvvvv..8....
##.$..#
#...5yvvv......
...5..# #.
..#@vv...+ .
##.g5ยง#
###..#.#vvv.#.....
..gg.<#
#.....<#vvv####...
##g####
#.#...............
#.
####.#.....#....
#. ...#..........
##
######.....#....
...........#....
#####.#....# ...


You could see a hornet (ally target) and a friendly white imp (summoned).

Vanquished Creatures
  An unseen horror simulacrum (D:8)
  A water moccasin (D:6)
  A sky beast (D:7)
  2 ice beasts
  2 orc warriors (D:7)
  A black bear (D:6)
  3 ogres
  A centaur (D:6)
  A bullfrog (D:7)
  A gnoll sergeant (D:8)
  A scorpion (D:5)
  6 wights
  A howler monkey (D:5)
  A hound (D:7)
  A jelly (D:7)
  3 orc priests
  An iguana (D:5)
  10 orc wizards
  4 gnolls (D:8)
  9 adders
  A white imp (D:5)
  3 ufetubi
  2 worms
  2 dart slugs
  28 orcs
  5 ball pythons
  3 bats
  3 endoplasms
  A giant cockroach (D:1)
  6 goblins
  6 hobgoblins
  7 quokkas
  A frilled lizard (D:2)
  11 kobolds
  5 rats
135 creatures vanquished.

Vanquished Creatures (collateral kills)
  An ogre (D:5)
  A necrophage (D:6)
  2 scorpions
  A wight (D:4)
  An orc priest (D:7)
  A hound (D:4)
  An iguana (D:5)
  A statue (D:3)
  A gnoll (D:8)
  3 orcs
  A kobold (D:4)
14 creatures vanquished.

Grand Total: 149 creatures vanquished

Notes
Turn   | Place    | Note
-------+----------+-------------------------------------------
     0 | D:1      | javelincjr the Demonspawn Hedge Wizard began the quest for
                  | the Orb.
     0 | D:1      | Reached XP level 1. HP: 13/13 MP: 4/4
   108 | D:1      | Reached skill level 1 in Translocations
   189 | D:1      | Gained mutation: You have large cloven feet. [demonic
                  | ancestry]
   189 | D:1      | Reached XP level 2. HP: 9/19 MP: 1/6
   865 | D:1      | Found a faded altar of an unknown god.
   871 | D:1      | Prayed at the altar of an unknown god.
   871 | D:1      | Became a worshipper of Ignis, the Dying Flame
  1198 | D:2      | Reached skill level 1 in Fighting
  1198 | D:2      | Gained mutation: A weak demonic guardian rushes to your
                  | aid. [demonic ancestry]
  1198 | D:2      | Reached XP level 3. HP: 20/26 MP: 1/7
  1276 | D:2      | Found a shadowy altar of Dithmenos.
  2283 | D:3      | Found a blossoming altar of Fedhas.
  2537 | D:3      | Identified the amulet "Careschakh" {Spirit Fly}
  2684 | D:3      | Found the amulet of the Air {Inacc Air Fly rElec RMsl}
  2697 | D:3      | HP: 1/26 [poisoned by an adder]
  2860 | D:3      | Gained mutation: You have hoof-like feet. [demonic
                  | ancestry]
  2860 | D:3      | Reached XP level 4. HP: 16/32 MP: 0/9
  3144 | D:3      | Learned a level 2 spell: Call Imp
  3147 | D:3      | Learned a level 2 spell: Blink
  3149 | D:3      | Found a radiant altar of Vehumet.
  3149 | D:3      | Noticed a charred statue
  3183 | D:3      | Killed a charred statue
  3451 | D:3      | Reached skill level 1 in Armour
  3728 | D:3      | Found a shimmering altar of Xom.
  3729 | D:3      | Found a hazy altar of Hepliaklqana.
  3730 | D:3      | Noticed a spectral ugly thing
  3842 | D:3      | Reached XP level 5. HP: 38/38 MP: 5/10
  3948 | D:3      | HP: 1/38 [orc priest/nerve-wracking pain (9)]
  4924 | D:4      | Reached XP level 6. HP: 24/46 MP: 8/11
  5083 | D:4      | Reached skill level 4 in Spellcasting
  5140 | D:4      | HP: 2/47 [poisoned by a scorpion]
  6437 | D:5      | Entered Level 5 of the Dungeon
  6442 | D:5      | Reached XP level 7. HP: 46/52 MP: 10/13
  6558 | D:5      | HP: 1/52 [iguana (9)]
  6869 | D:5      | Found a staircase to the Ecumenical Temple.
  7541 | D:5      | Reached skill level 1 in Axes
  7854 | D:5      | Found an ancient bone altar of Kikubaaqudgha.
  7971 | D:5      | Found a hide-covered altar of Uskayaw.
  8056 | D:6      | Gained mutation: You have hooves in place of feet. [demonic
                  | ancestry]
  8056 | D:6      | Reached XP level 8. HP: 52/60 MP: 10/15
  8363 | D:6      | Reached skill level 5 in Spellcasting
  8464 | D:6      | Found an iron altar of Okawaru.
  8630 | D:6      | Noticed a queen bee
  8645 | D:6      | Noticed unlimited1921's ghost (novice DjFE)
  8658 | D:6      | Found a transporter.
  9161 | D:6      | Found an opulent altar of Gozag.
  9199 | D:6      | Found Pafej's Tremendous Tomes.
  9506 | D:6      | Found a transporter.
  9864 | D:7      | Identified the +0 pearl dragon scales of Wu Jian's
                  | Displeasure {rC+ rN+ Str+6}
 10201 | D:7      | Identified a scroll of acquirement
 10201 | D:7      | Acquired 1048 gold pieces
 10345 | D:7      | Reached skill level 5 in Fighting
 10436 | D:7      | Gained mutation: Spells you cast may paralyse adjacent
                  | enemies. [demonic ancestry]
 10436 | D:7      | Reached XP level 9. HP: 60/68 MP: 14/17
 11091 | D:8      | HP: 1/68 [ice beast (3)]
 11099 | D:7      | Reached skill level 6 in Spellcasting
 11366 | D:8      | Identified the +6 chain mail of Virtue {Rampage *Slow rElec
                  | Dex+6}
 11474 | D:8      | Paralysed by a hornet for 3 turns
 11478 | D:8      | HP: 3/69 [hornet (5)]
 11480 | D:8      | Slain by a hornet

Illustrated notes

Levels and vault maps discovered:
D:1:      beargit_arrival_greenhouse, layout_rooms,
          ebering_ecumenical_altar_abandoned
D:2:      layout_loops_corners, basic_altar
D:3:      cheibrodos_old_hovel, layout_basic, regret_index_temple_of_mockery,
          fedhas_altar_2, vehumet_statue, minmay_misc_feat_doors, st_stairs_5,
          grunt_ministairs_10, nicolae_titane
D:4:      layout_loops_corners
D:5:      layout_basic, nicolae_uskayaw_suspiria, lemuel_crystal_altar,
          minmay_temple_entry_statues_fountains
D:6:      minmay_flawed_box, layout_loops_ring, grunt_temple_overflow_open,
          mainiacjoe_overflow_tiny_flanked, serial_rivers,
          chequers_serial_rivers_micro_a, chequers_serial_rivers_small_a,
          chequers_serial_rivers_room_b, chequers_serial_rivers_large_a,
          chequers_serial_rivers_micro_e, gammafunk_ghost_hive,
          chequers_arboretum, nicolae_shop_i_like_big_books
D:7:      layout_basic, nicolae_tso_carved_into_rock,
          minmay_misc_feat_secret_circle
D:8:      layout_basic, serial_ice, serial_ice_b, serial_ice_o, serial_ice_c,
          serial_ice_k, serial_ice_n, serial_ice_m, serial_ice_a,
          ebering_ghost_inner_flame, roderic_batcave,
          kennysheep_cross_bottleneck

Skill      XL: |  1  2  3  4  5  6  7  8  9 |
---------------+----------------------------+-----
Translocations | 1 2 3 |  3.8
Dodging        | 2 3 4 |  4.1
Fighting       | 1 2 3 5 |  5.7
Armour         | 1 2 3 |  3.5
Conjurations   | 2 3 4 |  4.1
Summonings     | 2 3 4 |  4.2
Spellcasting   | 4 5 6 |  6.1
Axes           | 1 2 |  2.8
Stealth        | |  1.8

Action                   |  1- 3 |  4- 6 |  7- 9 || total
-------------------------+-------+-------+-------++-------
Melee: Dagger            |    58 |       |       ||    58
       Punch             |     1 |       |     1 ||     2
       Kick              |     8 |     7 |    35 ||    50
       Hand axe          |       |    64 |   150 ||   214
 Cast: Magic Dart        |   102 |   102 |    96 ||   300
       Call Imp          |       |    10 |    11 ||    21
Invok: Fiery Armour      |       |       |     1 ||     1
       Foxfire Swarm     |       |       |     1 ||     1
  Use: Potion            |     3 |     6 |     3 ||    12
       Scroll            |       |       |    13 ||    13
 Stab: Distracted        |       |       |     1 ||     1
       Paralysed         |       |       |     1 ||     1
Armor: Robe              |     8 |    14 |    17 ||    39
       Skin              |     6 |       |       ||     6
       Pearl dragon scal |       |       |    39 ||    39
Dodge: Dodged            |    30 |    42 |   120 ||   192
       Repelled          |       |     5 |     1 ||     6
